Cogmind - Beta 17 *** ADVENTURER MODE // 2026.08.05 @ 22:52:20 Player: Tuja Result: Destroyed by S-43 Plague with Heavy Machine Gun Performance ------------- Evolutions (9) 4500 Regions Visited (21) 4200 Robots Destroyed (333) 1665 Value Destroyed (18185) 18185 Prototype IDs (31) 620 Alien Tech Used (0) 0 Bonus (4948) 4948 TOTAL SCORE: 34118 Bonus ------- High Alert Combat Kills 686 Follower Combat Kills 1162 Entered Garrisons 800 Used RIF Installer 2000 Aligned with FarCom 300 Cogmind --------- Core Integrity 0/1600 Matter 195/300 Energy 84/100 System Corruption 62% Temperature Cool (18) Movement Core (50) Location -1/Command Parts ------- > --- POWER (2) -------- (None) > --- PROPULSION (6) --- (None) > --- UTILITY (14) ----- (None) > --- WEAPON (3) ------- (None) > --- INVENTORY (5) ---- Biometal Medium Treads Improved Heavy Siege Treads Matter Neutralizer Advanced Remote Datajack Peak State ------------ > --- POWER ------------ Micro Antimatter Reactor Light Quantum Reactor > --- PROPULSION ------- Biometal Heavy Treads Biometal Heavy Treads Advanced Heavy Siege Treads > --- UTILITY ---------- Advanced Heat Sink Advanced Heat Sink Advanced Heat Sink Advanced Coolant Injector Huge Storage Unit Advanced Energy Well High-capacity Matter Pod Advanced Targeting Computer Advanced Target Analyzer Advanced Target Analyzer Core Analyzer Armor Integrity Analyzer Graphene Brace Hacking Suite > --- WEAPON ----------- Enhanced Hardcell Cannon Enhanced Hardcell Cannon Graviton Cannon > --- INVENTORY -------- Particle Reactor Micro Antimatter Reactor Micro Antimatter Reactor Biometal Medium Treads Improved Heavy Siege Treads Biometal Heavy Treads Advanced Heavy Siege Treads Advanced Heavy Siege Treads Advanced Heavy Siege Treads Relay Coupler [Grunt] Relay Coupler [Sentry] Relay Coupler [Demolisher] Matter Neutralizer Matter Neutralizer Enhanced Nova Cannon Enhanced Hardcell Cannon Enhanced Hardcell Cannon Improved Datajack Improved Remote Datajack Advanced Remote Datajack [Rating: 185] Favorites ----------- Power Light Nuclear Core Engine Improved Deuterium Engine Power Core Light Nuclear Core Reactor Particle Reactor Propulsion Centrium Leg Treads Heavy Treads Leg Centrium Leg Wheel Compact Wheel Utility Advanced Heat Sink Device Advanced Heat Sink Storage Huge Storage Unit Processor Core Analyzer Hackware Hacking Suite Protection Improved Light Armor Plating Weapon Enhanced Hardcell Cannon Energy Gun Beamcaster Energy Cannon Advanced Beam Cannon Ballistic Gun Railgun Ballistic Cannon Enhanced Hardcell Cannon Special Weapon Improved Remote Datajack Impact Weapon Powered Hammer Special Melee Weapon Improved Datajack Build | -11 -10 -10 -9 -9 -9 -8 -8 -8 -8 -8 -7 -7 -7 -6 -5 -4 -4 -3 -2 -1 -1 ------- Run | Yrd Mat Min Mat Min Exi Min Mat Gar Mat Gar Fac Gar Fac Fac Fac Fac Gar Res Res Acc Com Slots Evolved 18 | . . . 2 . . . 2 . . . 2 . . 2 2 2 . 2 2 2 . Power 1 | . . . . . . . . . . . . . . 1 . . . . . . . Propulsion 4 | . . . . . . . 2 . . . . . . . . . . 2 . . . Utility 12 | . . . 2 . . . . . . . 2 . . 1 1 2 . . 2 2 . Weapon 1 | . . . . . . . . . . . . . . . 1 . . . . . . Parts Attached 233 | 7 3 4 6 4 1 . 6 4 11 8 3 9 3 33 9 25 9 9 22 28 29 Power 26 | 1 . . 1 . . . . 2 1 1 . 1 . 4 1 1 3 . 2 5 3 Engine 9 | 1 . . 1 . . . . 1 1 . . 1 . 2 1 . . . . 1 . Core 7 | . . . . . . . . 1 . 1 . . . 2 . 1 1 . 1 . . Reactor 10 | . . . . . . . . . . . . . . . . . 2 . 1 4 3 Propulsion 53 | 2 2 . 1 1 . . 4 2 6 4 . 1 . 6 2 2 1 1 6 3 9 Treads 15 | . 2 . . . . . . . . . . . . . 2 2 1 1 . . 7 Leg 35 | . . . 1 1 . . 4 2 6 4 . 1 . 6 . . . . 6 3 1 Wheel 2 | 2 . . . . . . . . . . . . . . . . . . . . . Hover . | . . . . . . . . . . . . . . . . . . . . . . Flight 1 | . . . . . . . . . . . . . . . . . . . . . 1 Utility 91 | 2 . 1 3 2 1 . . . 1 . 3 6 1 13 4 15 2 6 8 15 8 Device 41 | 1 . . 1 2 . . . . . . 1 1 . 4 2 10 1 2 5 9 2 Storage 11 | 1 . . . . 1 . . . . . 1 . . 1 1 2 . . . 4 . Processor 11 | . . . 1 . . . . . 1 . . 1 . 1 . 1 . . 1 1 4 Hackware 16 | . . . . . . . . . . . . 1 . 5 1 2 1 4 . 1 1 Protection 12 | . . 1 1 . . . . . . . 1 3 1 2 . . . . 2 . 1 Artifact . | . . . . . . . . . . . . . . . . . . . . . . Weapon 63 | 2 1 3 1 1 . . 2 . 3 3 . 1 2 10 2 7 3 2 6 5 9 Energy Gun 7 | . . 1 . . . . . . . . . . 1 2 . . 1 . 1 . 1 Energy Cannon 15 | . . . 1 . . . . . 2 1 . . . 4 1 1 1 2 . 1 1 Ballistic Gun 14 | 2 . 1 . 1 . . . . . 1 . . 1 2 . 3 . . 2 . 1 Ballistic Cannon 18 | . 1 . . . . . 1 . 1 . . . . 1 1 1 . . 3 4 5 Launcher . | . . . . . . . . . . . . . . . . . . . . . . Special Weapon 4 | . . 1 . . . . . . . . . . . . . 2 1 . . . . Impact Weapon 3 | . . . . . . . 1 . . 1 . 1 . . . . . . . . . Slashing Weapon . | . . . . . . . . . . . . . . . . . . . . . . Piercing Weapon . | . . . . . . . . . . . . . . . . . . . . . . Special Melee Weapon 2 | . . . . . . . . . . . . . . 1 . . . . . . 1 Unidentified Prototypes 8 | . . . 1 . . . . . . . . . . 1 . 1 . . 3 1 1 Corrupted Parts 3 | . . . . . . . . . . . . . . . . 2 . . 1 . . System Corruption 16 | . . . . . . . . . . . . . . . . 13 . . 3 . . Parts Lost 114 | . . 5 1 2 . . 3 4 5 3 . 5 . 15 . 16 6 6 3 15 25 Power 23 | . . 1 . . . . . 2 1 1 . . . 4 . 2 2 2 1 4 3 Propulsion 24 | . . 1 1 . . . 2 2 3 1 . 1 . 4 . 1 1 1 . . 6 Utility 42 | . . 1 . 1 . . . . . . . 4 . 2 . 9 2 2 1 10 10 Weapon 25 | . . 2 . 1 . . 1 . 1 1 . . . 5 . 4 1 1 1 1 6 Highest Loss Streak 17 | . . 4 1 1 . . 1 2 3 1 . 3 . 10 . 6 5 5 1 4 17 To Critical Strikes . | . . . . . . . . . . . . . . . . . . . . . . Average Backups 23 | 4 7 7 7 7 10 19 28 38 39 38 37 38 40 25 21 20 22 21 21 21 20 Power 1 | . 1 2 1 1 1 3 5 4 2 1 2 3 4 1 . . . 1 1 1 2 Propulsion 2 | 2 1 1 . . 1 1 1 2 4 4 4 3 3 1 2 2 1 . 2 4 4 Utility 13 | . 1 1 1 3 4 11 15 23 23 25 26 26 26 19 14 11 14 13 11 9 5 Weapon 3 | 1 2 2 2 2 3 3 5 7 9 6 5 5 6 1 2 2 3 3 3 3 4 Tool/Special . | . . . . . . . . . . . . . . . . . . . . . . Unused Backups 69 | . 4 . 1 3 1 . 2 7 5 3 . 3 1 12 3 2 . . 5 1 16 Power 9 | . . . 1 . 1 . 1 2 1 . . . 1 1 . . . . . . 1 Propulsion 8 | . 2 . . . . . . . . . . 1 . . 1 . . . 1 . 3 Utility 29 | . 1 . . 1 . . . 4 2 1 . 1 . 7 1 1 . . 2 . 8 Weapon 20 | . 1 . . 1 . . 1 1 2 2 . 1 . 4 . 1 . . 2 1 3 Tool/Special 3 | . . . . 1 . . . . . . . . . . 1 . . . . . 1 Average Slot Usage (%) 87 | . 100 94 78 99 87 77 79 79 80 78 82 81 84 85 85 86 78 77 91 95 89 Engine 4 | . 14 12 8 11 11 11 9 5 8 2 . 6 7 3 3 4 . . . . 2 Core 2 | . . . . . . . . 2 . 6 7 . . 4 5 4 2 . 3 . . Reactor 2 | . . . . . . . . . . . . . . . . . 6 8 3 7 5 Treads 3 | . 22 26 8 . . . . . . . . . . . 9 10 10 13 . . 6 Leg 18 | . . . 2 21 22 22 34 34 35 33 30 29 30 23 2 . . . 22 23 8 Device 12 | . 14 4 7 10 5 . . . . . 7 6 7 5 4 13 23 15 23 23 17 Storage 10 | . 14 14 11 11 11 11 9 9 9 9 13 12 7 5 5 12 15 13 8 13 13 Processor 6 | . . . 7 11 11 11 9 9 9 9 1 . 7 1 5 3 5 4 4 4 19 Hackware 6 | . . . . . . . . . . . . . . 15 23 17 3 8 4 6 4 Protection 3 | . . 7 11 11 5 . . . . . 6 7 7 9 5 2 . . 4 3 . Energy Cannon 5 | . . . . 11 11 11 7 . 17 8 7 4 . 2 5 5 4 5 4 2 2 Ballistic Gun 3 | . 20 13 11 10 11 11 1 9 . 2 7 4 5 . . 4 . . 3 1 2 Ballistic Cannon 4 | . 7 7 . . . . 8 9 . 6 . . . 2 9 5 4 3 3 8 7 Peak Build Rating 185 | 7 7 11 17 18 44 44 52 57 67 66 73 78 82 90 83 102 104 126 169 176 185 Average Rating 96 | 5 7 7 12 16 31 43 49 54 61 64 72 73 80 59 75 93 100 113 157 164 169 On Entrance 61 | . 7 7 9 15 18 43 44 51 56 65 66 73 78 82 49 82 102 103 87 163 163 Avg Prop Armor Cover (%) 4 | . . . 6 . . . . . . 9 6 3 3 . . 11 11 . . 2 . Naked Turns 2 | . . . . . . . . . . . . . . . . . . . . . 2 Heaviest Build 185 | 14 16 20 25 26 26 17 19 20 30 28 33 48 29 68 144 137 145 163 185 182 167 Greatest Support 230 | 32 40 40 20 20 20 20 45 45 68 68 24 39 39 57 140 140 140 210 182 182 230 Greatest Overweight (x) 6 | 1 . . 6 1 1 . . . 1 . 1 1 . 2 1 1 2 1 5 1 1 Average Overweight (x) . | . . . . 1 . . . . . . 1 . . . . . . . . . . Largest Inventory Capacity 40 | 8 8 8 8 8 40 40 40 40 40 40 40 40 40 40 25 25 25 25 25 25 25 Average Capacity 26 | 7 8 8 8 8 25 40 40 40 40 40 40 40 40 27 24 25 25 25 25 25 24 Most Carried 40 | 8 8 8 8 8 18 23 34 40 40 40 39 40 40 40 25 25 25 24 25 25 25 Average Carried 25 | 4 7 7 7 7 10 19 28 38 39 38 37 38 40 25 24 23 23 21 24 24 24 Final Capacity 40 | 8 8 8 8 8 40 40 40 40 40 40 40 40 40 20 25 25 25 25 25 25 5 Final Carried 40 | 8 8 6 8 8 18 23 34 40 37 40 37 40 40 20 25 21 25 22 25 24 5 Class Distribution -------------------- 24% | Hauler-Mutant 16% | Scavenger-Tank 16% | Bothacker-Tank 10% | Scavenger-Gunner 8% | Bothacker-Mutant 8% | Mutant 6% | Bothacker-Skirmisher 4% | Scavenger-Mutant Dominant Class ---------------- Mutant | -10/Materials Mutant | -10/Mines Mutant | -9/Materials Mutant | -9/Mines Hauler-Mutant | -9/Exiles Hauler-Mutant | -8/Mines Hauler-Mutant | -8/Materials Hauler-Mutant | -8/Garrison Hauler-Mutant | -8/Materials Hauler-Mutant | -8/Garrison Hauler-Mutant | -7/Factory Hauler-Mutant | -7/Garrison Hauler-Mutant | -7/Factory Bothacker-Mutant | -6/Factory Bothacker-Tank | -5/Factory Bothacker-Tank | -4/Factory Scavenger-Tank | -4/Garrison Scavenger-Tank | -3/Research Scavenger-Tank | -2/Research Bothacker-Skirmisher | -1/Access Scavenger-Gunner | -1/Command Resources | -11 -10 -10 -9 -9 -9 -8 -8 -8 -8 -8 -7 -7 -7 -6 -5 -4 -4 -3 -2 -1 -1 ----------- Run | Yrd Mat Min Mat Min Exi Min Mat Gar Mat Gar Fac Gar Fac Fac Fac Fac Gar Res Res Acc Com Matter Collected 10233 | 191 94 96 49 128 30 25 278 212 208 513 . 167 4 504 351 1404 415 196 1215 2573 1580 Remotely 44 | . . . . . . . . . . . . . . . . 44 . . . . . Salvage Created 14143 | 58 94 37 49 288 . 54 409 251 1168 953 . 217 19 1146 202 2430 314 333 1731 2470 1920 Parts 706 | 5 2 . 6 10 . 2 16 10 64 57 . 11 . 41 15 118 10 8 111 112 108 Haulers Intercepted 1 | . . . . . . . . . . . . . . . . . . . . 1 . Recyclers Shooed 7 | 1 1 . . . . . . . . . . . . . 2 1 . . 1 1 . Parts Field Recycled . | . . . . . . . . . . . . . . . . . . . . . . Retrieved Matter . | . . . . . . . . . . . . . . . . . . . . . . Parts Self-Destructed . | . . . . . . . . . . . . . . . . . . . . . . Prevented . | . . . . . . . . . . . . . . . . . . . . . . Parts Restored . | . . . . . . . . . . . . . . . . . . . . . . Kills | -11 -10 -10 -9 -9 -9 -8 -8 -8 -8 -8 -7 -7 -7 -6 -5 -4 -4 -3 -2 -1 -1 ------- Run | Yrd Mat Min Mat Min Exi Min Mat Gar Mat Gar Fac Gar Fac Fac Fac Fac Gar Res Res Acc Com Combat Hostiles Destroyed 287 | . 2 4 1 7 . 1 11 7 27 27 . 4 . 20 7 41 10 5 26 46 41 Melee 7 | . . . . . . . . . . . . 1 . 6 . . . . . . . Guns 40 | . 2 3 1 1 . 1 2 1 . 2 . 1 . 1 . 6 2 . 8 5 4 Cannons 228 | . . 1 . 6 . . 9 6 27 25 . 1 . 11 7 34 7 5 17 35 37 AOE 2 | . . . . . . . . . . . . . . . . . . . . 2 . Classes Destroyed 20 | 1 1 2 1 2 . . 2 . 2 2 . 1 1 . . 3 . . . 1 1 Worker 11 | . . . . . . . . . 2 . . . . . . 5 . . 1 2 1 Builder 11 | . . . . . . . . . . . . . . . . 4 . . 1 6 . Tunneler 2 | 2 . . . . . . . . . . . . . . . . . . . . . Hauler 1 | . . . . . . . . . . . . . . . . . . . . 1 . Recycler 6 | . . . . . . . 1 . . . . . . 3 . 1 . . . 1 . Operator 5 | . . . . . . . . . . . . . 1 . . 1 . 1 1 . 1 Watcher 15 | . . . 1 . . . 2 . 3 . . . . . 1 1 . . 2 . 5 Swarmer 71 | . . . . . . . 3 . 11 9 . . . 9 5 10 7 . . 10 7 Saboteur 3 | . . . . . . . . . . . . . . . . . . . . . 3 Grunt 85 | . 2 . 1 2 . 1 7 6 12 7 . . . 7 . 17 3 2 4 9 5 Brawler 3 | . . . . 1 . . . 1 . 1 . . . . . . . . . . . Duelist 3 | . . . . . . . . . 1 . . . . . . . . 1 . 1 . Sentry 26 | . . . . 2 . . . . 3 6 . 3 . 1 . 1 . . 5 2 3 Demolisher 2 | . . 1 . . . . 1 . . . . . . . . . . . . . . Specialist 5 | . . . . . . . . . . 2 . . . . . . . . . 3 . Hunter 18 | . . . . . . . . . . . . . . . . 3 . . . 8 7 Programmer 63 | . . . . . . . . . . 2 . . . 3 2 8 . 2 17 13 16 Heavy 2 | . . . . . . . . . . . . . . . . 2 . . . . . Behemoth 1 | . . . . . . . . . . . . 1 . . . . . . . . . Assembled 5 | . . 3 . 2 . . . . . . . . . . . . . . . . . Best Kill Streak 8 | 2 2 3 1 3 . 1 6 3 6 4 . 2 1 4 4 7 4 2 5 8 6 Combat Bots Only 7 | . 2 3 1 3 . 1 6 3 5 4 . 2 . 4 4 7 4 2 4 6 6 Max Kills in Single Turn 3 | 1 1 1 1 1 . 1 1 1 2 2 . 1 1 1 1 2 2 1 2 3 2 Gunslinging . | . . . . . . . . . . . . . . . . . . . . . . Exploded 2 | . . . . . . . . . . . . . . . . . . . . 2 . Melee 1 | . . . . . . . . . . . . 1 . 1 . . . . . . . Uniques/NPCs Destroyed . | . . . . . . . . . . . . . . . . . . . . . . Combat | -11 -10 -10 -9 -9 -9 -8 -8 -8 -8 -8 -7 -7 -7 -6 -5 -4 -4 -3 -2 -1 -1 -------- Run | Yrd Mat Min Mat Min Exi Min Mat Gar Mat Gar Fac Gar Fac Fac Fac Fac Gar Res Res Acc Com Hostile Shots Fired 2641 | . 11 60 6 63 . 12 47 30 140 77 . 85 . 321 20 302 70 170 158 368 701 Missed 733 | . 4 14 1 13 . 3 15 7 35 21 . 25 . 94 4 81 13 51 45 117 190 Hits 1908 | . 7 46 5 50 . 9 32 23 105 56 . 60 . 227 16 221 57 119 113 251 511 Melee 10 | . . . . . . . . . . 1 . . . . . . . . . 7 2 Projectile 1898 | . 7 46 5 50 . 9 32 23 105 55 . 60 . 227 16 221 57 119 113 244 509 AOE 16 | . . 10 . . . . 2 . . 1 . 1 . . . 1 . . . 1 . Critical Strikes 95 | . . 2 . 3 . . 1 . 4 3 . 2 . 5 . 12 3 9 7 19 25 Actively Blocked 69 | . . . . . . . . . . . . . . . . 7 3 9 7 19 24 Part Disruptions 11 | . . . . . . . . . . . . . . . . 3 1 . . 1 6 Damage Taken 29026 | . 75 739 41 539 . 127 413 287 1007 534 . 1150 44 2460 213 3238 890 1463 1441 4993 9372 Core 3670 | . 29 65 8 76 . 64 48 23 107 121 . 386 . 527 12 256 150 159 30 455 1154 Absorbed by Shields 2656 | . . . . . . . . . . . . 65 . . . 699 . 541 888 463 . Reduced by Siege Mode 945 | . . . . . . . . . . . . . . . . 267 46 . . . 632 Ignored by Resistances 8773 | . 22 206 14 156 . 36 117 82 303 162 . 366 11 696 60 1119 262 570 627 1404 2560 Regen/Repaired (Parts) 173 | . . . . . . . . . . . . . . 77 . . . . . . 96 Core Remaining (%) 69 | 100 . 62 . . . 63 . . . 45 . . 44 38 98 . 64 87 97 . . Volleys Fired 849 | 5 7 12 6 19 . 5 36 24 65 69 . 13 . 46 16 124 22 17 106 137 120 Largest 3 | 2 2 2 2 2 . 2 2 2 2 2 . 2 . 2 3 3 3 3 3 3 3 Hottest 291 | 40 40 105 95 91 . 91 105 60 130 105 . 93 . 180 174 174 193 291 213 236 236 Shots Fired 1850 | 10 14 21 12 34 . 10 72 48 127 138 . 26 . 73 37 303 45 27 243 337 273 Gun 392 | 10 14 13 12 15 . 5 11 24 . 8 . 13 . 20 . 85 8 . 74 47 33 Cannon 1444 | . . 8 . 19 . 5 61 24 127 130 . 13 . 53 37 214 34 24 168 288 239 Launcher . | . . . . . . . . . . . . . . . . . . . . . . Special 14 | . . . . . . . . . . . . . . . . 4 3 3 1 2 1 Kinetic 1114 | 10 14 16 6 15 . 5 47 48 6 70 . 13 . 31 21 183 19 8 134 269 199 Thermal 717 | . . 5 6 19 . 5 25 . 121 68 . 13 . 40 16 116 23 16 105 66 73 Explosive . | . . . . . . . . . . . . . . . . . . . . . . Electromagnetic 5 | . . . . . . . . . . . . . . 2 . . . . 3 . . Robot Hit Streak 48 | 7 9 8 5 23 . 8 12 15 24 42 . 21 . 18 10 48 15 11 25 19 20 Robot Miss Streak 4 | 1 1 2 3 1 . 1 1 1 2 4 . 1 . 2 1 2 3 1 3 3 4 Penetration Max 2 | . . . . . . . . . . . . . . . . 2 1 . 1 1 . Secondary Targets 1 | . . . . . . . . . . . . . . 1 . . . . . . . Max Gunslinging Chain 1 | . . . . . . . . . . . . . . 1 . . . . . . . Shots Hit Robots 1248 | 8 10 14 6 28 . 9 54 37 93 96 . 34 1 68 17 215 29 14 147 199 169 Core Hits 601 | 4 6 7 4 11 . 3 25 14 43 90 . 9 . 27 9 103 12 7 64 86 77 Critical Kills 13 | . . . . . . . . . . . . 1 . 2 . 2 2 . 2 3 1 Critical Parts Destroyed 5 | . . . . . . . . . . 1 . 1 . 1 . 2 . . . . . Critical Strikes 67 | . . 1 . . . . . 1 . 1 . 3 . 5 1 11 4 . 5 15 20 Burn 2 | . . 1 . . . . . . . . . . . 1 . . . . . . . Meltdown 7 | . . . . . . . . . . . . . . 1 . 1 1 . 1 3 . Destroy 7 | . . . . . . . . . . . . 1 . . . 3 1 . 1 . 1 Blast 46 | . . . . . . . . 1 . . . . . 1 1 7 2 . 3 12 19 Smash 5 | . . . . . . . . . . 1 . 2 . 2 . . . . . . . Melee Attacks 42 | . . . . . . . 1 . . 2 . 15 3 17 . . . . . . 4 Impact 36 | . . . . . . . 1 . . 2 . 15 3 15 . . . . . . . Slashing . | . . . . . . . . . . . . . . . . . . . . . . Piercing . | . . . . . . . . . . . . . . . . . . . . . . Sneak Attacks 2 | . . . . . . . . . . . . . . 2 . . . . . . . Combat Hostiles . | . . . . . . . . . . . . . . . . . . . . . . Follow-up Attacks 4 | . . . . . . . . . . . . 4 . . . . . . . . . Damage Inflicted 42541 | 91 97 255 105 470 . 178 1204 708 2557 2328 . 1086 42 2163 678 6957 1008 488 5890 8890 7346 Guns 6585 | 91 97 169 105 99 . 72 163 276 . 70 . 236 . 283 . 1529 177 . 1636 981 601 Cannons 33730 | . . 86 . 350 . 103 1041 432 2517 2168 . 216 . 1334 662 5111 831 463 4205 7480 6731 Explosions 653 | . . . . . . . . . . . . . . . . 265 . . . 388 . Melee 1304 | . . . . . . . . . . 90 . 634 42 538 . . . . . . . Ramming 269 | . . . . 21 . 3 . . 40 . . . . 8 16 52 . 25 49 41 14 Kinetic 25514 | 91 97 173 22 99 . 72 892 708 31 1113 . 236 . 594 350 3885 632 264 3530 6965 5760 Thermal 14691 | . . 82 83 350 . 103 312 . 2486 1125 . 216 . 983 312 2755 376 199 2241 1496 1572 Explosive 248 | . . . . . . . . . . . . . . . . . . . . 248 . Electromagnetic 515 | . . . . . . . . . . . . . . 40 . 265 . . 70 140 . Impact 1304 | . . . . . . . . . . 90 . 634 42 538 . . . . . . . Slashing . | . . . . . . . . . . . . . . . . . . . . . . Piercing . | . . . . . . . . . . . . . . . . . . . . . . Highest Corruption 61 | . . . . . . . . . . 2 . . . . 3 23 21 . 17 14 61 Average Corruption 10 | . . . . . . . . . . 2 . . . . 2 5 13 . 6 7 25 Corruption Purged 15 | . . . . . . . . . . . . . . . . 6 9 . . . . Corruption Blocked . | . . . . . . . . . . . . . . . . . . . . . . Effects 316 | . . . . . . . . . . 12 . . . . 17 35 34 . 52 57 109 Message Errors 82 | . . . . . . . . . . 1 . . . . 5 9 11 . 11 17 28 Matter Fused 55 | . . . . . . . . . . 3 . . . . 2 4 7 . 12 10 17 Heat Flow Errors 42 | . . . . . . . . . . 2 . . . . 3 4 5 . 8 11 9 Energy Discharges 32 | . . . . . . . . . . 2 . . . . 1 3 2 . 8 4 12 Parts Rejected 2 | . . . . . . . . . . . . . . . . 1 . . . . 1 Parts Fused 7 | . . . . . . . . . . . . . . . . 2 1 . 2 1 1 Data Loss (minor) 32 | . . . . . . . . . . 3 . . . . 5 3 5 . 3 2 11 Data Loss (major) 17 | . . . . . . . . . . . . . . . . . . . 5 2 10 Misfires 9 | . . . . . . . . . . 1 . . . . 1 1 2 . 2 1 1 Alerts 4 | . . . . . . . . . . . . . . . . 1 1 . . 1 1 Misdirections 2 | . . . . . . . . . . . . . . . . . . . . . 2 Weapon Failures 32 | . . . . . . . . . . . . . . . . 7 . . 1 8 16 Overload Shots . | . . . . . . . . . . . . . . . . . . . . . . Overflow Damage 1432 | . . . . . . . 3 . 68 94 . 56 22 180 24 85 7 28 142 417 306 Projectiles 1069 | . . . . . . . 3 . 68 4 . . . 42 24 68 7 28 142 377 306 Explosions 57 | . . . . . . . . . . . . . . . . 17 . . . 40 . Melee 306 | . . . . . . . . . . 90 . 56 22 138 . . . . . . . Knockbacks 189 | . . 2 . . . . 5 3 4 34 . . 1 8 4 22 1 2 16 48 39 Impact 8 | . . . . . . . . . . 1 . . 1 3 1 1 . . 1 . . Kinetic 165 | . . 2 . . . . 5 3 4 29 . . . 5 3 19 1 1 15 45 33 Secondary 16 | . . . . . . . . . . 4 . . . . . 2 . 1 . 3 6 Self-Inflicted Damage 206 | . . . . . . . . . . . . . . . . 79 . . . 127 . Shots 6 | . . . . . . . . . . . . . . . . 4 . . . 2 . Rammed 7 | . . . . . . . . . . . . . . . 2 4 . 1 . . . Targets Rammed 27 | . . . . 3 . 1 1 . 2 . . . 1 3 2 5 . 1 3 4 1 Kicked 18 | . . . . 3 . 1 1 . 2 . . . 1 3 . . . . 3 4 . Crushed 2 | . . . . . . . . . . . . . . . . 1 . . . . 1 Highest Temperature 654 | . 18 98 140 416 . 195 153 25 443 330 . 620 . 654 190 393 179 192 194 192 198 Average Temperature 116 | . 11 43 56 160 . 112 39 9 160 74 . 260 . 214 69 115 76 95 77 100 60 Received Heat Transfer 5201 | . 57 . 30 243 . 90 225 207 594 162 . 655 . 660 . 490 153 356 154 279 846 Effects 46 | . . . . . . . . . 9 4 . 19 . 12 . 2 . . . . . Shutdowns 6 | . . . . . . . . . 2 . . 3 . . . 1 . . . . . Energy Bleed 5 | . . . . . . . . . . 1 . 2 . 2 . . . . . . . Interference 8 | . . . . . . . . . 3 3 . . . 2 . . . . . . . Matter Decay 3 | . . . . . . . . . . . . . . 2 . 1 . . . . . Short Circuit 2 | . . . . . . . . . . . . 2 . . . . . . . . . Damage (minor) 4 | . . . . . . . . . 4 . . . . . . . . . . . . Damage (major) 14 | . . . . . . . . . . . . 9 . 5 . . . . . . . Damage (core) 4 | . . . . . . . . . . . . 3 . 1 . . . . . . . Siege Activations 10 | . . . . . . . . . . . . . . . . 6 2 . . . 2 Total Turns 242 | . . . . . . . . . . . . . . . . 170 35 . . . 37 Longest Duration 50 | . . . . . . . . . . . . . . . . 50 19 . . . 23 Martial Activations . | . . . . . . . . . . . . . . . . . . . . . . Shielding Activations 1 | . . . . . . . . . . . . . . . . . . . . . 1 Total Turns 6 | . . . . . . . . . . . . . . . . . . . . . 6 Longest Duration 6 | . . . . . . . . . . . . . . . . . . . . . 6 Robots Disrupted . | . . . . . . . . . . . . . . . . . . . . . . Combat Hostiles . | . . . . . . . . . . . . . . . . . . . . . . Robots Corrupted 7 | . . . . . . . . . . 1 . 1 1 2 . . . . . 1 1 Combat Hostiles 2 | . . . . . . . . . . . . 1 . . . . . . . 1 . Parts Fried 10 | . . . . . . . . . . . . . 1 4 . . . . . 3 2 Impact Corruptions 17 | . . . . . . . . . . 1 . 2 2 7 . . . . . 3 2 Robots Melted 8 | . . . . . . . . . . . . . . 2 . 1 1 . 1 3 . Combat Hostiles 8 | . . . . . . . . . . . . . . 2 . 1 1 . 1 3 . Parts Melted 47 | . . . . 1 . . . . 5 1 . 1 . 3 2 4 4 12 5 7 2 Heat Transferred 18945 | . . 222 148 629 . 185 555 . 3404 1885 . 370 . 1700 450 4100 561 259 1998 1221 1258 Parts Sabotaged 7 | . . . . . . . . . . . . . . . . . . . . . 7 Parts Stolen . | . . . . . . . . . . . . . . . . . . . . . . Parts Stripped . | . . . . . . . . . . . . . . . . . . . . . . Power Chain Reactions . | . . . . . . . . . . . . . . . . . . . . . . Alert | -11 -10 -10 -9 -9 -9 -8 -8 -8 -8 -8 -7 -7 -7 -6 -5 -4 -4 -3 -2 -1 -1 ------- Run | Yrd Mat Min Mat Min Exi Min Mat Gar Mat Gar Fac Gar Fac Fac Fac Fac Gar Res Res Acc Com Maximum Alert Level 4 | . . . . . . . . 1 1 4 2 2 1 . . 2 2 1 . 2 2 Low Security (%) 70 | 100 100 100 100 100 . 100 100 70 91 4 . . 16 100 100 56 . 16 100 80 47 Level 1 14 | . . . . . . . . 29 8 12 . 27 83 . . 34 6 83 . 13 44 Level 2 11 | . . . . . . . . . . 39 100 72 . . . 9 93 . . 6 7 Level 3 2 | . . . . . . . . . . 36 . . . . . . . . . . . Level 4 . | . . . . . . . . . . 7 . . . . . . . . . . . Level 5 . | . . . . . . . . . . . . . . . . . . . . . . High Security . | . . . . . . . . . . . . . . . . . . . . . . Max Security . | . . . . . . . . . . . . . . . . . . . . . . Peak Influence 1159 | 5 50 20 20 60 . 74 141 258 246 1159 527 601 273 112 120 497 633 399 161 480 685 Initial 527 | . . . . . . . 7 68 108 139 527 312 273 73 15 1 304 285 92 9 246 Average 169 | . 9 1 1 4 . 44 29 138 121 662 517 472 229 23 15 190 546 247 34 123 221 Influence Increases 10695 | 10 71 20 44 110 . 74 420 230 758 1110 . 479 41 655 265 1474 389 424 947 1625 1549 Destroy 0b10 Robot/C 6300 | . 40 20 20 100 . 60 260 140 540 620 . 280 . 460 140 920 240 200 520 920 820 Destroy 0b10 Robot/NC 290 | 10 . . 5 . . . 15 . 25 20 . . 5 15 5 70 . 10 25 50 35 Destroy Leader 1088 | . 10 . 12 10 . 10 64 10 116 40 . 20 . 90 22 152 30 30 144 172 156 Allied During Kill 183 | . . . . . . 4 2 . . 27 . 29 . 1 . 6 10 104 . . . Successful Hack 339 | . 21 . 7 . . . 11 . 31 18 . . 35 22 48 38 12 42 . 36 18 Disable Machine 333 | . . . . . . . 18 . 27 . . . . 9 9 144 . 9 36 54 27 Anti-Garrison Action 450 | . . . . . . . . . . 300 . 100 . . . . 50 . . . . Destroy Structure 947 | . . . . . . . 5 5 19 10 . 5 1 13 26 114 17 14 192 318 208 Partial Spotted 15 | . . . . . . . . . . . . . . . . . . . 15 . . Lose Combat Pursuer 750 | . . . . . . . 45 75 . 75 . 45 . 45 15 30 30 15 15 75 285 Influence Decreases 10180 | 10 71 20 44 110 . 50 323 93 770 197 652 385 468 792 296 986 300 818 1117 1206 1472 Entered New Map 2397 | . . . . . . . 17 53 150 107 632 195 328 101 22 5 190 298 97 10 192 Time Decay 6210 | 10 71 20 44 110 . 50 258 . 570 . 20 . 140 552 274 721 . 300 990 1090 990 Lost Part 963 | . . . . . . . 28 40 50 30 . 50 . 99 . 160 60 60 30 106 250 Lost Ally 610 | . . . . . . . 20 . . 60 . 140 . 40 . 100 50 160 . . 40 Squads Dispatched 65 | . . . 2 . . . 4 . 4 . . . 2 6 3 13 . 2 10 9 10 Investigation 10 | . . . 1 . . . . . 2 . . . 1 2 . 1 . 1 . . 2 Extermination 29 | . . . . . . . . . . . . . 1 3 2 3 . 1 8 5 6 Reinforcement 18 | . . . 1 . . . . . 1 . . . . 1 1 6 . . 2 4 2 Assault . | . . . . . . . . . . . . . . . . . . . . . . Garrison 8 | . . . . . . . 4 . 1 . . . . . . 3 . . . . . Intercept . | . . . . . . . . . . . . . . . . . . . . . . Searches Triggered . | . . . . . . . . . . . . . . . . . . . . . . Construction Impeded 5 | . . . . . . . . . . . . . . . 1 2 . . . 2 . Haulers Reinforced . | . . . . . . . . . . . . . . . . . . . . . . Active Scanning Responses . | . . . . . . . . . . . . . . . . . . . . . . Cargo Convoy Interrupts 2 | . . . . . . . . . . . . . . . . 1 . 1 . . . Stealth | -11 -10 -10 -9 -9 -9 -8 -8 -8 -8 -8 -7 -7 -7 -6 -5 -4 -4 -3 -2 -1 -1 --------- Run | Yrd Mat Min Mat Min Exi Min Mat Gar Mat Gar Fac Gar Fac Fac Fac Fac Gar Res Res Acc Com Distress Signals 30 | . . . 2 . . . 2 . 2 . . . . . 2 4 . 1 7 5 5 Communications Jammed . | . . . . . . . . . . . . . . . . . . . . . . Distress Signals . | . . . . . . . . . . . . . . . . . . . . . . Times Spotted 517 | . 3 8 3 7 . 3 19 10 35 31 . 12 1 30 12 67 15 30 45 60 126 Peak Tracking Total 65 | . 2 4 1 3 . 3 4 5 5 4 . 7 1 9 4 8 6 18 6 6 65 Tactical Retreats 28 | . . 1 . . . . 2 2 . 2 . 3 . 2 1 2 1 1 1 5 5 Traps | -11 -10 -10 -9 -9 -9 -8 -8 -8 -8 -8 -7 -7 -7 -6 -5 -4 -4 -3 -2 -1 -1 ------- Run | Yrd Mat Min Mat Min Exi Min Mat Gar Mat Gar Fac Gar Fac Fac Fac Fac Gar Res Res Acc Com Traps Triggered 34 | . . . . . . . . 2 3 4 . 6 2 3 3 2 3 . 3 1 2 Indirectly . | . . . . . . . . . . . . . . . . . . . . . . Trap Hack Attempts . | . . . . . . . . . . . . . . . . . . . . . . Triggered . | . . . . . . . . . . . . . . . . . . . . . . Disarmed . | . . . . . . . . . . . . . . . . . . . . . . Reprogrammed . | . . . . . . . . . . . . . . . . . . . . . . Reused . | . . . . . . . . . . . . . . . . . . . . . . Traps Extracted . | . . . . . . . . . . . . . . . . . . . . . . Installed . | . . . . . . . . . . . . . . . . . . . . . . Triggered . | . . . . . . . . . . . . . . . . . . . . . . Machines | -11 -10 -10 -9 -9 -9 -8 -8 -8 -8 -8 -7 -7 -7 -6 -5 -4 -4 -3 -2 -1 -1 ---------- Run | Yrd Mat Min Mat Min Exi Min Mat Gar Mat Gar Fac Gar Fac Fac Fac Fac Gar Res Res Acc Com Machines Disabled 45 | . . . . . . . 2 . 3 4 . 2 . 1 1 16 1 1 4 6 4 Max in Single Turn 4 | . . . . . . . 1 . 1 1 . 1 . 1 1 4 1 1 1 1 1 Garrison Access 7 | . . . . . . . . . . . . . . 2 1 . . . 2 2 . Garrison Relay 7 | . . . . . . . . . . 4 . 2 . . . . 1 . . . . Machines Repaired . | . . . . . . . . . . . . . . . . . . . . . . Machines Dismantled . | . . . . . . . . . . . . . . . . . . . . . . Machines Sabotaged . | . . . . . . . . . . . . . . . . . . . . . . Overloaded Fab Kills . | . . . . . . . . . . . . . . . . . . . . . . Hacking | -11 -10 -10 -9 -9 -9 -8 -8 -8 -8 -8 -7 -7 -7 -6 -5 -4 -4 -3 -2 -1 -1 --------- Run | Yrd Mat Min Mat Min Exi Min Mat Gar Mat Gar Fac Gar Fac Fac Fac Fac Gar Res Res Acc Com Machines Accessed 79 | . 5 1 1 . 2 . 3 . 10 4 1 1 4 11 6 4 1 3 6 9 7 Terminals 50 | . 5 1 1 . . . 1 . 8 4 . 1 4 3 3 2 1 2 2 7 5 Fabricators 6 | . . . . . . . . . . . . . . 2 1 1 . 1 1 . . Repair Stations 2 | . . . . . . . . . . . . . . 1 . . . . . . 1 Recycling Units 4 | . . . . . . . . . . . . . . 2 . . . . 1 . 1 Scanalyzers 4 | . . . . . . . 1 . 1 . . . . 1 1 . . . . . . Garrison Access 11 | . . . . . . . 1 . 1 . 1 . . 2 1 1 . . 2 2 . Total Hacks 158 | . 14 1 2 . 8 . 6 . 25 5 1 2 7 23 14 10 2 9 8 10 11 Successful 87 | . 6 1 1 . 8 . 4 . 13 2 1 . 3 10 10 6 1 8 4 6 3 Failed 71 | . 8 . 1 . . . 2 . 12 3 . 2 4 13 4 4 1 1 4 4 8 Catastrophic 20 | . 2 . 1 . . . 1 . 2 1 . . 1 2 1 1 . 1 2 3 2 Database Lockouts . | . . . . . . . . . . . . . . . . . . . . . . Manual 61 | . 11 1 2 . 2 . 3 . 18 . . . 4 9 2 4 . 1 2 1 1 Terminals 98 | . 14 1 2 . . . 3 . 21 5 . 2 7 8 6 4 2 3 3 8 9 Fabricators 17 | . . . . . . . . . . . . . . 3 2 5 . 6 1 . . Repair Stations 4 | . . . . . . . . . . . . . . 3 . . . . . . 1 Recycling Units 6 | . . . . . . . . . . . . . . 4 . . . . 1 . 1 Scanalyzers 11 | . . . . . . . 1 . 3 . . . . 2 5 . . . . . . Garrison Access 14 | . . . . . . . 2 . 1 . 1 . . 3 1 1 . . 3 2 . Terminal Hacks 33 | . 3 1 1 . 8 . 1 . 6 2 . . 1 . 1 1 1 1 . 4 2 Record 8 | . . . . . 7 . . . . . . . . . . . . . . . 1 Robot Schematic 2 | . . . . . . . . . 1 . . . . . . 1 . . . . . Robot Analysis 1 | . 1 . . . . . . . . . . . . . . . . . . . . Open Door 4 | . . . . . . . . . . 1 . . . . . . . . . 3 . Level Access Points 1 | . . . . . . . . . . . . . . . . . . 1 . . . Branch Access Points 5 | . 1 . 1 . . . 1 . . . . . 1 . . . . . . 1 . Emergency Access Points 2 | . . . . . . . . . 1 . . . . . . . 1 . . . . Fabricator Index 1 | . . . . . . . . . . . . . . . . . . . . . 1 Garrison Index 1 | . . . . . . . . . 1 . . . . . . . . . . . . Locate Traps 2 | . 1 . . . . . . . 1 . . . . . . . . . . . . Zone Layout 4 | . . 1 . . . . . . 2 . . . . . 1 . . . . . . Garrison Registry 1 | . . . . . . . . . . 1 . . . . . . . . . . . Proto ID Catalog 1 | . . . . . 1 . . . . . . . . . . . . . . . . Fabricator Hacks 13 | . . . . . . . . . . . . . . 2 2 3 . 6 . . . Network Status 1 | . . . . . . . . . . . . . . . . 1 . . . . . Load Schematic 6 | . . . . . . . . . . . . . . 1 1 1 . 3 . . . Build 6 | . . . . . . . . . . . . . . 1 1 1 . 3 . . . Repair Station Hacks . | . . . . . . . . . . . . . . . . . . . . . . Recycling Unit Hacks 2 | . . . . . . . . . . . . . . 1 . . . . 1 . . Retrieve Components 2 | . . . . . . . . . . . . . . 1 . . . . 1 . . Scanalyzer 9 | . . . . . . . 1 . 3 . . . . 1 4 . . . . . . Insert Component 2 | . . . . . . . . . 1 . . . . . 1 . . . . . . Analyze 2 | . . . . . . . . . 1 . . . . . 1 . . . . . . Retrieve Study 5 | . . . . . . . 1 . 1 . . . . 1 2 . . . . . . Garrison Access Hacks 12 | . . . . . . . 1 . 1 . 1 . . 3 1 1 . . 2 2 . Unlock Access 4 | . . . . . . . 1 . 1 . 1 . . . . 1 . . . . . Seal Access 7 | . . . . . . . . . . . . . . 2 1 . . . 2 2 . Coupler Status 1 | . . . . . . . . . . . . . . 1 . . . . . . . Unauthorized Hacks 18 | . 3 . . . . . 1 . 3 . . . 2 3 2 1 . 1 1 . 1 Terminals 13 | . 3 . . . . . 1 . 3 . . . 2 1 2 . . 1 . . . Assimilate 2 | . . . . . . . . . 1 . . . . . . . . 1 . . . Botnet 11 | . 3 . . . . . 1 . 2 . . . 2 1 2 . . . . . . Fabricators 2 | . . . . . . . . . . . . . . 1 . 1 . . . . . Fabnet 2 | . . . . . . . . . . . . . . 1 . 1 . . . . . Repair Stations 2 | . . . . . . . . . . . . . . 1 . . . . . . 1 Patch 2 | . . . . . . . . . . . . . . 1 . . . . . . 1 Recycling Units . | . . . . . . . . . . . . . . . . . . . . . . Scanalyzers . | . . . . . . . . . . . . . . . . . . . . . . Garrison Access 1 | . . . . . . . . . . . . . . . . . . . 1 . . Restock 1 | . . . . . . . . . . . . . . . . . . . 1 . . Data Cores Recovered 3 | . . . . . . . . . . . . . 1 . . . . 1 1 . . Used . | . . . . . . . . . . . . . . . . . . . . . . Hacking Detections 51 | . 4 . 1 . . . 2 . 8 3 . 1 3 7 4 2 1 2 3 4 6 Full Trace Events 8 | . 1 . 1 . . . . . 2 . . . 1 . . 1 . 1 . . 1 Feedback Events 1 | . . . . . . . . . . . . . . . . 1 . . . . . Corruption 1 | . . . . . . . . . . . . . . . . 1 . . . . . Feedback Blocked . | . . . . . . . . . . . . . . . . . . . . . . Robot Schematics Acquired 2 | . . . . . . . . . 1 . . . . . . 1 . . . . . Robots Built 12 | . . . . . . . . . . . . . . 1 1 1 . 9 . . . Authchips 6 | . . . . . . . . . . . . . . 1 1 1 . 3 . . . Time 360 | . . . . . . . . . . . . . . 58 58 58 . 186 . . . Total Robot Build Rating 72 | . . . . . . . . . . . . . . 3 3 3 . 63 . . . Part Schematics Acquired 2 | . . . . . . . . . 1 . . . . . 1 . . . . . . Parts Built . | . . . . . . . . . . . . . . . . . . . . . . Authchips . | . . . . . . . . . . . . . . . . . . . . . . Time . | . . . . . . . . . . . . . . . . . . . . . . Total Part Build Rating . | . . . . . . . . . . . . . . . . . . . . . . Part Studies Acquired 5 | . . . . . . . 1 . 1 . . . . 1 2 . . . . . . Parts Repaired . | . . . . . . . . . . . . . . . . . . . . . . Time . | . . . . . . . . . . . . . . . . . . . . . . Parts Recycled . | . . . . . . . . . . . . . . . . . . . . . . Recycled Matter . | . . . . . . . . . . . . . . . . . . . . . . Retrieved Matter . | . . . . . . . . . . . . . . . . . . . . . . Retrieved Components 2 | . . . . . . . . . . . . . . . . . . . 2 . . Parts Scanalyzed 2 | . . . . . . . . . 1 . . . . . 1 . . . . . . Part Schematics Acquired 2 | . . . . . . . . . 1 . . . . . 1 . . . . . . Parts Damaged . | . . . . . . . . . . . . . . . . . . . . . . Bothacking | -11 -10 -10 -9 -9 -9 -8 -8 -8 -8 -8 -7 -7 -7 -6 -5 -4 -4 -3 -2 -1 -1 ------------ Run | Yrd Mat Min Mat Min Exi Min Mat Gar Mat Gar Fac Gar Fac Fac Fac Fac Gar Res Res Acc Com Used RIF Installer 4 | . . . . . . . . 1 . 1 . 1 . . . . 1 . . . . Coupler Efficiency 1 | . . . . . . . . . . 1 . . . . . . . . . . . Hotswap 1 | . . . . . . . . . . . . . . . . . 1 . . . . Command Fork 1 | . . . . . . . . . . . . 1 . . . . . . . . . Robots Hacked 13 | . . . . . . . . . . . . . . 2 . 3 1 2 1 1 3 Non-combat 5 | . . . . . . . . . . . . . . . . . 1 2 1 1 . Combat 8 | . . . . . . . . . . . . . . 2 . 3 . . . . 3 Robot Hacks Applied 15 | . . . . . . . . . . . . . . 2 . 3 1 3 1 2 3 parse_system 2 | . . . . . . . . . . . . . . . . . . 1 . 1 . map_route 4 | . . . . . . . . . . . . . . . . . . 2 1 1 . overload_power 1 | . . . . . . . . . . . . . . . . . . . . . 1 streamctrl_high 6 | . . . . . . . . . . . . . . 1 . 3 . . . . 2 formatsys_high 2 | . . . . . . . . . . . . . . 1 . . 1 . . . . Relay Couplers Released 28 | . . . . . . . . . . 15 . 7 . . . . 3 . 3 . . Machine Destruction 25 | . . . . . . . . . . 15 . 7 . . . . 3 . . . . Programmers 3 | . . . . . . . . . . . . . . . . . . . 3 . . Attached 6 | . . . . . . . . . . . . . . 2 . 1 1 . . 1 1 Fabnet Peak Effective % 3 | . . . . . . . . . . . . . . . 3 1 1 3 1 . . Robots Rewired 12 | . . . . . . . . . . 9 . . . . . . 3 . . . . Allies Hacked 1 | . . . . . . . . . . . . . . . . . . 1 . . . Hacks Repelled . | . . . . . . . . . . . . . . . . . . . . . . Allies | -11 -10 -10 -9 -9 -9 -8 -8 -8 -8 -8 -7 -7 -7 -6 -5 -4 -4 -3 -2 -1 -1 -------- Run | Yrd Mat Min Mat Min Exi Min Mat Gar Mat Gar Fac Gar Fac Fac Fac Fac Gar Res Res Acc Com Total Allies 40 | . . 1 . 3 . . . . . 11 . . . 4 1 4 4 9 . . 3 Largest Group 9 | . . 1 . 3 3 2 2 . . 8 8 7 . 2 1 2 4 9 . . 2 Highest-Rated Group 423 | . . 31 . 40 40 32 32 . . 138 138 128 . 58 34 83 181 423 . . 116 Highest-Rated Ally 58 | . . 31 . 16 16 16 16 . . 39 24 24 . 34 34 56 50 47 . . 58 Total Orders 18 | . . . . . . . . . . 9 . 1 . 3 . 1 . 3 1 . . STAY 10 | . . . . . . . . . . 4 . 1 . 2 . 1 . 2 . . . ROAM 1 | . . . . . . . . . . 1 . . . . . . . . . . . FOLLOW 6 | . . . . . . . . . . 4 . . . 1 . . . 1 . . . EXPLORE 1 | . . . . . . . . . . . . . . . . . . . 1 . . Ally Attacks 229 | . . 4 . . . 12 14 . . 35 . 40 . 11 . 28 13 70 . . 2 Total Damage 6409 | . . 61 . . . 169 154 . . 541 . 952 . 584 . 880 599 2379 . . 90 Kills 40 | . . 2 . . . 2 2 . . 5 . 10 . 3 . 7 3 6 . . . Allies Corrupted 1 | . . . . . . . . . . . . . . . . . . 1 . . . Allies Melted 2 | . . . . . . . . . . . . . . 1 . 1 . . . . . Intel | -11 -10 -10 -9 -9 -9 -8 -8 -8 -8 -8 -7 -7 -7 -6 -5 -4 -4 -3 -2 -1 -1 ------- Run | Yrd Mat Min Mat Min Exi Min Mat Gar Mat Gar Fac Gar Fac Fac Fac Fac Gar Res Res Acc Com Active Infowar (turns) 4229 | 18 302 117 256 972 265 . . . . . . . . 305 . . . . . 1666 328 Terrain 1798 | . . . 256 972 265 . . . . . . . . 305 . . . . . . . Structural 1993 | . . . . . . . . . . . . . . . . . . . . 1665 328 Seismic 437 | 18 302 117 . . . . . . . . . . . . . . . . . . . ECM 1 | . . . . . . . . . . . . . . . . . . . . 1 . Robot Analysis Total 1 | . 1 . . . . . . . . . . . . . . . . . . . . Derelict Logs Recovered 2 | . . . . 2 . . . . . . . . . . . . . . . . . Drone Launches 3 | . . . . . . . . . . . . . . . . . . . 3 . . Drone Recoveries . | . . . . . . . . . . . . . . . . . . . . . . Exploration | -11 -10 -10 -9 -9 -9 -8 -8 -8 -8 -8 -7 -7 -7 -6 -5 -4 -4 -3 -2 -1 -1 ------------- Run | Yrd Mat Min Mat Min Exi Min Mat Gar Mat Gar Fac Gar Fac Fac Fac Fac Gar Res Res Acc Com Turns Passed 21898 | 90 302 383 369 1238 583 117 601 407 1156 1710 58 708 288 1925 1487 1517 819 617 3044 2494 1985 Spaces Moved 11550 | 59 187 207 203 609 387 77 357 269 745 1022 22 361 270 1010 824 506 307 277 1515 1303 1033 Core 11 | 3 . . 5 . . . . . . . . . . . . . . . . . 3 Treads 2938 | . 136 207 158 . . . . . . . . . . . 729 506 307 277 89 . 529 Legs 8473 | . . . 24 604 387 77 357 269 745 1022 22 361 270 1010 95 . . . 1426 1303 501 Wheels 128 | 56 51 . 16 5 . . . . . . . . . . . . . . . . . Hover . | . . . . . . . . . . . . . . . . . . . . . . Flight . | . . . . . . . . . . . . . . . . . . . . . . Fastest Speed 50 | 50 100 160 115 115 120 120 108 108 108 90 180 90 100 97 160 160 160 160 120 120 50 Average Speed 142 | 99 143 160 165 189 145 120 117 108 113 118 180 153 100 149 163 163 206 161 141 132 136 Slowest Speed 470 | 100 160 160 350 190 190 120 120 110 187 130 180 180 100 245 240 240 320 240 470 190 237 Overloaded Moves . | . . . . . . . . . . . . . . . . . . . . . . Propulsion Burnouts . | . . . . . . . . . . . . . . . . . . . . . . Robots Hopped . | . . . . . . . . . . . . . . . . . . . . . . Potential Cave-ins 4 | . . . . . . . . . . . . . . . . . . 2 . . 2 Cave-ins Triggered 1 | . . . . . . . . . . . . . . . . . . . . 1 . Exploration Rate (%) 34 | 4 39 45 26 99 69 23 23 33 68 71 1 38 10 26 19 14 40 8 36 25 31 Regions Visited 21 Branch Regions 5 Pre-discovered Areas 2 | . . . . 2 . . . . . . . . . . . . . . . . . Known Exits Taken 11 | . 1 . 1 . . . 1 . 1 . 1 . . 1 1 1 . 1 1 1 . Unknown Exits Taken 6 | 1 . 1 . 1 1 1 . . . . . . 1 . . . . . . . . Scrap Searched 4 | . . . . 3 . 1 . . . . . . . . . . . . . . . Spaces Dug 126 | . . . . . . . . . . . . . 1 5 5 19 . 6 29 30 31 Terrain Destroyed 359 | . . . . . . . 4 . 16 . . . 1 12 11 42 7 8 64 114 80 Melee 5 | . . . . . . . . . . . . . 1 4 . . . . . . . Projectile 330 | . . . . . . . 4 . 16 . . . . 8 11 42 7 8 64 90 80 AOE 24 | . . . . . . . . . . . . . . . . . . . . 24 . Terrain Rammed . | . . . . . . . . . . . . . . . . . . . . . . Walls Destroyed . | . . . . . . . . . . . . . . . . . . . . . . Machines Disabled . | . . . . . . . . . . . . . . . . . . . . . . Actions | -11 -10 -10 -9 -9 -9 -8 -8 -8 -8 -8 -7 -7 -7 -6 -5 -4 -4 -3 -2 -1 -1 --------- Run | Yrd Mat Min Mat Min Exi Min Mat Gar Mat Gar Fac Gar Fac Fac Fac Fac Gar Res Res Acc Com Total 15302 | 78 209 238 225 660 410 91 463 340 930 1376 39 469 283 1325 940 946 451 417 2229 1795 1388 Wait 2086 | . 2 13 1 19 4 3 44 13 82 199 14 50 4 163 57 258 67 105 540 293 155 Move 11532 | 58 186 206 202 608 386 76 356 268 745 1021 22 360 269 1009 823 506 306 276 1514 1302 1033 Hop . | . . . . . . . . . . . . . . . . . . . . . . Pick Up 212 | 8 5 1 6 2 15 6 17 19 8 9 . 9 1 32 13 9 13 2 13 9 15 Fast Attach 133 | 7 1 1 3 4 1 . 1 2 12 3 . 3 1 15 4 16 5 2 18 19 15 Attach 87 | . . 3 2 . . . 4 2 2 2 2 4 . 14 5 11 6 7 4 4 15 Detach 16 | . . . . 1 . . . . . . . 2 . 2 1 2 2 2 2 . 2 Swap 81 | . 2 1 2 . . . 3 . 4 5 1 3 3 10 6 8 2 5 6 14 6 Drop 144 | . 6 1 3 4 4 . . 8 10 7 . 4 2 14 13 7 6 . 20 13 22 Fire 849 | 5 7 12 6 19 . 5 36 24 65 69 . 13 . 46 16 124 22 17 106 137 120 Melee 37 | . . . . . . . 1 . . 2 . 11 2 17 . . . . . . 4 Ram . | . . . . . . . . . . . . . . . . . . . . . . Kick 18 | . . . . 3 . 1 1 . 2 . . . 1 3 . . . . 3 4 . Crush 9 | . . . . . . . . . . . . . . . 2 5 . 1 . . 1 Escape Stasis 28 | . . . . . . . . 4 . 5 . 10 . . . . 6 . 3 . . Rewire 70 | . . . . . . . . . . 54 . . . . . . 16 . . . . Trap . | . . . . . . . . . . . . . . . . . . . . . . Miscellaneous . | . . . . . . . . . . . . . . . . . . . . . . Route ------- -11/Scrapyard -10/Materials (discovered 3 exits: *Mat / *Min x2) -10/Mines -9/Materials (discovered 3 exits: *Mat / *Min / Sto) -9/Mines (discovered 3 exits: *Mat x2 / *Exi) -9/Exiles -8/Mines -8/Materials -8/Garrison -8/Materials (discovered 3 exits: *Fac x2 / Gar) -8/Garrison (discovered 3 exits: *Fac x3) -7/Factory -7/Garrison -7/Factory (discovered 3 exits: *Fac / *Low x2) -6/Factory -5/Factory -4/Factory (discovered 2 exits: *Upp / Gar) -4/Garrison (discovered 2 exits: *Res / [*Fac]) -3/Research (discovered 3 exits: *Res x3) -2/Research -1/Access -1/Command History --------- Turn | Location | Event 23 | -11/Scrapyard | Discovered new exit (range 15) 91 | -11/Scrapyard | Entered Materials 201 | -10/Materials | Discovered new exit (range 3) 271 | -10/Materials | Identified exit to Mines 307 | -10/Materials | Build established: Mutant 393 | -10/Materials | Entered Mines 414 | -10/Mines | Received a Mining Laser from a helpful Derelict 449 | -10/Mines | Assembled infested the area 759 | -10/Mines | Discovered new exit (range 7) 766 | -10/Mines | Lost 4 parts (1p1n2w) 776 | -10/Mines | Entered Materials 776 | -9/Materials | Evolved 2 slots: Utility x2 929 | -9/Materials | Discovered new exit (range 14) 969 | -9/Materials | Identified exit to Mines 969 | -9/Materials | Identified exit to Storage 1145 | -9/Materials | Entered Mines 1481 | -9/Mines | Found a hidden stash of uninstalled traps 1539 | -9/Mines | Excavation squad dispatched 1539 | -9/Mines | A large section of the Mines collapsed 1718 | -9/Mines | Joined a pair of Derelicts in attacking an 0b10 outpost 1754 | -9/Mines | Received a Rocket Launcher from a helpful Derelict 1837 | -9/Mines | Discovered new exit (range 10) 1861 | -9/Mines | Assisted by bots powering up and referring to "LRC-V3" 2102 | -9/Mines | Discovered new exit (range 14) 2106 | -9/Mines | Build established: Scavenger-Mutant 2111 | -9/Mines | Learned location of Storage (-9) 2375 | -9/Mines | Deemed a non-threat by the Exiles lab entrance 2375 | -9/Mines | Discovered new exit (range 5) 2383 | -9/Mines | Entered Exiles 2383 | -9/Exiles | Accompanied by 3 allies 2435 | -9/Exiles | Met 8R-AWN 2461 | -9/Exiles | Met EX-HEX 2515 | -9/Exiles | Met EX-BIN 2545 | -9/Exiles | Aligned with FarCom system 2547 | -9/Exiles | Given EX-Vault access code 2592 | -9/Exiles | Opened EX-Vault 2649 | -9/Exiles | Found Lightpack 2.0 2692 | -9/Exiles | Warned to stay clear of 0b10 Research branches 2853 | -9/Exiles | Met EX-DEC 2938 | -9/Exiles | Build established: Hauler-Mutant 2950 | -9/Exiles | Discovered new exit (range 11) 2966 | -9/Exiles | Left Exiles lab with Lightpack 2.0 2966 | -9/Exiles | Entered Mines 2966 | -8/Mines | Accompanied by 3 allies 3042 | -8/Mines | Discovered new exit (range 12) 3083 | -8/Mines | Entered Materials 3083 | -8/Materials | Accompanied by 2 allies 3083 | -8/Materials | Evolved 2 slots: Propulsion x2 3241 | -8/Materials | Garrison activated, responded to threat 3624 | -8/Materials | Garrison activated, responded to threat 3681 | -8/Materials | Identified exit to Garrison 3684 | -8/Materials | Entered Garrison 3704 | -8/Garrison | Installed Relay Interface Framework 3768 | -8/Garrison | Triggered checkpoint 3815 | -8/Garrison | Triggered checkpoint 3901 | -8/Garrison | Triggered checkpoint 4041 | -8/Garrison | Discovered new exit (range 13) 4091 | -8/Garrison | Entered Materials 4381 | -8/Materials | Discovered new exit (range 13) 4957 | -8/Materials | Lost 3 parts (3n) 5180 | -8/Materials | Garrison activated, responded to threat 5192 | -8/Materials | Discovered new exit (range 16) 5247 | -8/Materials | Identified exit to Garrison 5247 | -8/Materials | Entered Garrison 5289 | -8/Garrison | Triggered checkpoint 5318 | -8/Garrison | Garrison Relay disabled 5462 | -8/Garrison | Triggered checkpoint 5523 | -8/Garrison | Triggered checkpoint 5586 | -8/Garrison | Discovered new exit (range 10) 5670 | -8/Garrison | Triggered checkpoint 5729 | -8/Garrison | Triggered checkpoint 5769 | -8/Garrison | Garrison Relay disabled 5939 | -8/Garrison | Triggered checkpoint 6018 | -8/Garrison | Garrison Relay disabled 6107 | -8/Garrison | Discovered new exit (range 12) 6214 | -8/Garrison | Rescued a captive Derelict 6215 | -8/Garrison | Rescued a captive Derelict 6267 | -8/Garrison | Triggered checkpoint 6404 | -8/Garrison | Discovered new exit (range 10) 6773 | -8/Garrison | Triggered checkpoint 6778 | -8/Garrison | Core integrity fell below 50% 6819 | -8/Garrison | Triggered checkpoint 6830 | -8/Garrison | Garrison Relay disabled 6841 | -8/Garrison | Discovered new exit (range 12) 6841 | -8/Garrison | Discovered new exit (range 55) 6841 | -8/Garrison | Discovered new exit (range 88) 6871 | -8/Garrison | Expanded RIF knowledge: Coupler Efficiency 6957 | -8/Garrison | Entered Factory 6957 | -7/Factory | Accompanied by 8 allies 6957 | -7/Factory | Evolved 2 slots: Utility x2 7002 | -7/Factory | Identified exit to Garrison 7015 | -7/Factory | Entered Garrison 7015 | -7/Garrison | Accompanied by 8 allies 7016 | -7/Garrison | Triggered checkpoint 7081 | -7/Garrison | Expanded RIF knowledge: Command Fork 7205 | -7/Garrison | Triggered checkpoint 7216 | -7/Garrison | Garrison Relay disabled 7365 | -7/Garrison | Triggered checkpoint 7407 | -7/Garrison | Triggered checkpoint 7439 | -7/Garrison | Spotted B-75 Beast 7442 | -7/Garrison | Discovered new exit (range 14) 7501 | -7/Garrison | Triggered checkpoint 7531 | -7/Garrison | Lost 3 parts (3u) 7555 | -7/Garrison | Core integrity fell below 50% 7570 | -7/Garrison | Destroyed B-75 Beast 7649 | -7/Garrison | Garrison Relay disabled 7723 | -7/Garrison | Entered Factory 7919 | -7/Factory | Identified exit to Lower Caves 7987 | -7/Factory | Discovered new exit (range 5) 8011 | -7/Factory | Entered another Factory area 8011 | -6/Factory | Evolved 2 slots: Power x1, Utility x1 8299 | -6/Factory | Build established: Bothacker-Skirmisher 8453 | -6/Factory | Lost 10 parts (2p4n4w) 8615 | -6/Factory | Build established: Bothacker-Mutant 8800 | -6/Factory | Core integrity fell below 50% 8824 | -6/Factory | Lost 3 parts (1p2u) 9397 | -6/Factory | Fabricated D-53 Grenadier? 9826 | -6/Factory | Discovered new exit (range 4) 9857 | -6/Factory | Identified exit to Factory 9936 | -6/Factory | Entered another Factory area 9936 | -5/Factory | Evolved 2 slots: Utility x1, Weapon x1 10492 | -5/Factory | Build established: Bothacker-Tank 11155 | -5/Factory | Fabricated D-53 Grenadier? 11377 | -5/Factory | Discovered new exit (range 12) 11396 | -5/Factory | Identified exit to Factory 11423 | -5/Factory | Entered another Factory area 11423 | -4/Factory | Accompanied by 1 ally 11423 | -4/Factory | Evolved 2 slots: Utility x2 11802 | -4/Factory | Discovered new exit (range 3) 11805 | -4/Factory | Identified exit to Upper Caves 12000 | -4/Factory | Fabricated D-53 Grenadier (x1) 12108 | -4/Factory | Destroyed 7 combat bots 12138 | -4/Factory | Cargo convoy interrupted 12173 | -4/Factory | Garrison activated, responded to threat 12681 | -4/Factory | System corruption reached 10% 12896 | -4/Factory | Lost 6 parts (1p1n3u1w) 12940 | -4/Factory | Identified exit to Garrison 12940 | -4/Factory | Entered Garrison 12984 | -4/Garrison | Build established: Scavenger-Tank 13084 | -4/Garrison | Triggered checkpoint 13171 | -4/Garrison | Garrison Relay disabled 13190 | -4/Garrison | Triggered checkpoint 13243 | -4/Garrison | Lost 5 parts (2p2u1w) 13271 | -4/Garrison | Discovered new exit (range 5) 13494 | -4/Garrison | Triggered checkpoint 13640 | -4/Garrison | Expanded RIF knowledge: Hotswap 13687 | -4/Garrison | Discovered new exit (range 13) 13697 | -4/Garrison | Lost 4 allies 13759 | -4/Garrison | Entered Research 13759 | -3/Research | Evolved 2 slots: Propulsion x2 13901 | -3/Research | Fabricated G-67 Veteran (x3) 13971 | -3/Research | Fabricated G-67 Veteran (x3) 14082 | -3/Research | Fabricated G-67 Veteran (x3) 14175 | -3/Research | Identified exit to Research 14249 | -3/Research | Cargo convoy interrupted 14250 | -3/Research | P-80 Master assimilated allied Veteran 8b 14299 | -3/Research | Lost 7 allies 14339 | -3/Research | Spotted B-86 Titan 14376 | -3/Research | Entered another Research area 14376 | -2/Research | Evolved 2 slots: Utility x2 14401 | -2/Research | Lost 5 parts (2p1n2u) 14644 | -2/Research | Build established: Hacker-Tank 15040 | -2/Research | Build established: Scavenger-Tank 17222 | -2/Research | System corruption reached 10% 17335 | -2/Research | Discovered new exit (range 16) 17388 | -2/Research | Identified exit to Access 17395 | -2/Research | Build established: Bothacker-Tank 17420 | -2/Research | Entered Access 17420 | -1/Access | Evolved 2 slots: Utility x2 17752 | -1/Access | Identified exit to Command 18124 | -1/Access | Lost 3 parts (1p2u) 18550 | -1/Access | Build established: Bothacker-Skirmisher 19032 | -1/Access | Lost 4 parts (1p2u1w) 19591 | -1/Access | Crushed by falling debris 19591 | -1/Access | System corruption reached 10% 19914 | -1/Access | Entered Command 19965 | -1/Command | Build established: Scavenger-Gunner 21407 | -1/Command | System corruption reached 30% 21868 | -1/Command | Core integrity fell below 50% 21880 | -1/Command | P-80 Master assimilated allied Enforcer 10a 21894 | -1/Command | Core integrity fell below 20% 21897 | -1/Command | Released all parts (10) 21899 | -1/Command | Destroyed by S-43 Plague with Heavy Machine Gun Last Messages --------------- corruption cleaned. 21891_ G-73 Enforcer destroyed. 21891_ Adv. Coolant Injector destroyed. 21893_ P-80 Master resets G-73 Enforcer, system corruption cleaned. 21897_ Released Relay Coupler [Grunt]. 21897_ Released Armor Integrity Analyzer. 21897_ Released Adv. Targeting Computer. 21897_ Released Hacking Suite. 21897_ Released Huge Storage Unit. 21897_ Released Graphene Brace. 21897_ Released Adv. Energy Well. 21897_ Released Adv. Target Analyzer. 21897_ Released Biometal Heavy Treads. 21897_ Released Adv. Heavy Siege Treads. 21898_ Enforcer 10a destroyed. 21898_ Acquired Xenon Bombardment Thruster. 21898_ P-80 Master resets P-80 Master, system corruption cleaned. 21898_ Xenon Bombardment Thruster destroyed. Map ----- +----------------------------------------------------+ | ?????????????????????????????????# ????# | | ?????????????????????????????????+ ????# | | ?????????????????????????????????# ##### | | ?????????????????????????????????# | | ?????????????????????????????????# """ | | ?????????????????????????????????# """ | | ?????????????????????????????????+ R" | | ?????????????????????????????????# """ | | ?????????????????????????????????# "" | | ?????????????????????????????????# | | ?????????????????????????????##### | | ?????????????????????????????# | | ?????????????????????????????# ####### | | ?????????? ? ?????????????# ####### | | ?????????? ? ?????????????# # | | ?????????? s ? ?????????????# # | | ?????????? ? ?????????#???# # * | | ??????????# #?# ???????# #??# # | | ??????????# #?# ???????# #??# + | | ??????????# #?# ???????# #### # | | ??????????# #?# ???????#;;;### ########### | | ?????#????# #?# ???????#=%%#?# # """" # | | ?????# ???# #?# ???????# % #?# + """" # | | #????# ### #?# ???????# #?# # """" "###### | | #++###//#=#g"###gp#######; #### # """" ##????? | | [!%x=p=pp=pp[! !|];@ ; # #?????? | | *[%*==%pgpp%g== *!=== % ; # #?????? | | " %!=%/%***=p[p%%=!!!; % ; # #?????? | | "%"=!%%%%ggp%gpgs* = ; [% # # #?????? | | #++#"#++*##=g#=gsg!g#####| #;## ##"####+######### | | ???### ###gg#!ggg;g ???#[ ### # | | ?????# ??#g # ggg" ???# ### # | | ?????# ??# g##;g ####??# ! ##" # % "" """" | | ?????# ??#% ###g #?????######" %# """" !""R"" | | ?????# ???# g#?#g #?????????###=^# """" %*="" | | ?????# ???# g#?# #?????????# # [# = % [ [ | | ?????# ???# g#?# #??????????#" " % !! | | ????? ??? gg? ??????????#"==# | | ????? ???? g? ??????????#"=%"#####"#""####### | | ????? ???? # ??????????# %=*##### # | | ????# ???? # ??????????# " ! ! # | | ????# ???? # ??????????# "[*== [ + | | ????#????? # ??????????#*=!%"""## % # [ "" | | ??????????####?####??????????###### # ##"#%# """" | | ??????????????????????????????????#### ##### """" | | ??????????????????????????????????????##???# "" | | ???????????????????????????????????????????# | | ???????????????????????????????????????????# | | ???????????????????????????????????????????# "" | | ???????????????????????????????????????????# """" | +----------------------------------------------------+ Best States ------------- Heat Dissipation 119 Coolant Potential 100 Energy Generation 43 Energy Capacity 900 Matter Stores 650 Matter Capacity 650 Sight Range 16 Terrain Scan Range 16 Terrain Scan Density 10 Base Temperature (-) 150 Armor Coverage 1200 Resistance: KI 40 Resistance: TH 20 Resistance: EX 20 Resistance: EM 20 Resistance: I 20 Resistance: S 20 Resistance: P 20 Evasion (%) 57 Targeting Accuracy 8 Target Analysis 12 Core Analysis 9 Armor Integrity Analysis 30 Recoil Reduction 6 Energy Filtering 30 Salvage Targeting 3 Offensive Hacking 20 Defensive Hacking 10 Relay Coupler Types 3 Relay Coupler Value 68 Authchip Count 11 Trap Extractor Capacity 8 Item Schematics ----------------- Hrd. Medium Armor Plating | -8/Materials | Scanalyzed Hvy. Treads | -5/Factory | Scanalyzed Robot Schematics ------------------ D-53 Grenadier | -8/Materials | Hacked G-67 Veteran | -4/Factory | Hacked Fabricated ------------ D-53 Grenadier | x1 | -6/Factory | Authchip D-53 Grenadier | x1 | -5/Factory | Authchip D-53 Grenadier | x1 | -4/Factory | Authchip G-67 Veteran | x3 | -3/Research | Authchip G-67 Veteran | x3 | -3/Research | Authchip G-67 Veteran | x3 | -3/Research | Authchip Repaired ---------- Nothing Studied --------- Aluminum Leg | -8/Materials | Hacked Hvy. Ion Cannon | -8/Materials | Hacked Hvy. Plasma Cannon | -6/Factory | Hacked Magnetic Acceleration Cannon | -5/Factory | Hacked Imp. Remote Datajack | -5/Factory | Hacked Alien Tech Used ----------------- None Achievements -------------- May I Have Another? Packrat Watcher Gambling Challenges ------------ None Game ------ Seed SkeletonFactoryBiocell Manual? 0 Play Time 04:08:37 Cumulative 229.1 hours Start 2026.08.01 @ 16:09:37 End 2026.08.05 @ 22:52:20 Sessions 13 Manual Loads 0 Difficulty Adventurer Special Mode None Game No. 88 Rogue 67 Adventurer 21 Explorer 0 Win Type - Total 13 Types 9/0/2/1/0/0/0/0/0/1 Lore% 70 Gallery% 61 Achievement% 53 Wizard Run 0 Options --------- Layout 1 ASCII 0 Keyboard 0 Movement Numpad Keybinds 1 Fullscreen 1 Font 24/Smallcaps Map View 50x35 Zoom Use 0% Tactical HUD 1 Map Filters NONE Filters NONE Steam 1 RUN: e20e636c-7ab7-4979-81be-336a47bec95d